 Dungeon Sprint DCSS version 0.26-a0-712-ga5a9c9c9d0 (webtiles) character file.

Game seed: 11738077117514151906

3893 sahdkjhfkaj the Unseen (level 10, -6/44 HPs)
             Began as a Spriggan Enchanter on Oct 31, 2020.
             Was the Champion of Fedhas.
             Mangled by a yak (16 damage)
             ... in the Dungeon (Sprint VII: "The Pits").
             The game lasted 00:05:48 (2339 turns).

sahdkjhfkaj the Unseen (Spriggan Enchanter)         Turns: 2339, Time: 00:05:49

Health: -6/44      AC:  3    Str:  4    XL:     10   Next: 0%
Magic:  8/25       EV: 18    Int: 18    God:    Fedhas [******]
Gold:   0          SH:  0    Dex: 19    Spells: 23/29 levels left

rFire    . . .     SeeInvis +   m - +2 dagger (venom)
rCold    . . .     Faith    .   (shield restricted)
rNeg     . . .     Spirit   .   b - +0 robe
rPois    .         Reflect  .   (helmet restricted)
rElec    .         Harm     .   s - +0 cloak
rCorr    .         Rampage  .   (gloves unavailable)
MR       +....     NoTele   +   (boots unavailable)
Stlth    ++++++++..             (no amulet)
HPRegen  0.14/turn              (no ring)
MPRegen  0.19/turn              (no ring)

@: very quick
A: very small, unfitting armour, see invisible, speed 3
a: Wall of Briars, Grow Ballistomycete, Overgrow, Grow Oklob, Renounce Religion


You were in the Dungeon.
You worshipped Fedhas.
Fedhas was exalted by your worship.
You visited 1 branch

Inventory:

Hand Weapons
 m - a +2 dagger of venom (weapon)
Armour
 b - a +0 robe (worn)
 s - a +0 cloak (worn)
Jewellery
 a - a +3 ring of strength
 n - a +3 ring of intelligence
Scrolls
 i - a scroll of blinking {!r}
 j - 3 scrolls of remove curse {!r}
 k - 5 scrolls of amnesia {!r}
 l - a scroll of summoning {!r}
Potions
 c - 2 potions of berserk rage {!q}
 d - 7 potions of curing {!q}
 e - 5 potions of heal wounds {!q}
 f - 2 potions of haste {!q}
 g - 4 potions of magic {!q}
 h - 2 potions of invisibility {!q}
 o - a potion of brilliance {!q}
 p - 2 potions of mutation {!q}
 q - a potion of resistance {!q}
 r - 2 potions of stabbing {!q}


   Skills:
 - Level 9.4 Short Blades
 - Level 3.0 Dodging
 - Level 20.7 Stealth
 - Level 10.4 Spellcasting
 - Level 14.1 Hexes
 + Level 7.1 Invocations


You had 23 spell levels left.
You knew the following spells:

 Your Spells              Type           Power        Failure   Level
a - Ensorcelled Hibernat  Hex/Ice        ####..       1%          2
c - Corona                Hex            ######.      1%          1
T - Confusing Touch       Hex            ######..     1%          3

Your spell library contained the following spells:

 Spells                   Type           Power        Failure   Level
 Dazzling Flash           Conj/Hex       ####..       1%          3
 Tukima's Dance           Hex            ######..     1%          3


Dungeon Overview and Level Annotations

Branches:
Dungeon (1/1)

Altars:
Ashenzari
Cheibriados
Dithmenos
Elyvilon
Fedhas
Gozag
Hepliaklqana
Kikubaaqudgha
Makhleb
Nemelex Xobeh
Okawaru
Qazlal
Ru
Sif Muna
Trog
Uskayaw
Vehumet
Wu Jian
Xom
Yredelemnul
Zin
The Shining One
Beogh
Jiyva
Lugonu


Innate Abilities, Weirdness & Mutations

You are very small and have problems with some larger weapons.
You are too small for most types of armour.
You have supernaturally acute eyesight. (SInv)
You cover ground extremely quickly.


Message History

The yak is moderately wounded.
You hit the yak.
The yak looks as sick as possible!
The yak is moderately wounded.
The yak gores you!
* * * LOW HITPOINT WARNING * * *
You hit the yak.
The yak looks as sick as possible!
The yak is moderately wounded.
Unknown command.
You barely miss the yak.
The yak is moderately wounded.
The yak gores you!
* * * LOW HITPOINT WARNING * * *
You hit the yak but do no damage.
The yak is moderately wounded.
Unknown command.
You hit the yak but do no damage.
The yak is moderately wounded.
The yak gores you!
You die...
Fedhas appreciates your contribution to the ecosystem.

############
#_________.#
#_________.#
#_______...##########
##########'##........
#.?(.')))'.##......#.
##########.##)Y......
#...@YYY)..)').......
#'#####Y#####)....Y#.
#.#..#.....##........
#.#))#####'#####'####
#.#))#.....##.......#
#.#))#.....##.......#
#.#[[###'####.......#
#.##'#.....##...<...#
#.#........##.......#


You could see 4 yaks.

Vanquished Creatures
  A death knight (D)
  A two-headed ogre (D)
  A molten gargoyle (D)
  A hellwing (D)
  A hornet (D)
  3 blink frogs (D)
  3 yaks (D)
  An orc warrior (D)
  A necrophage (D)
  An ice beast (D)
  A black bear (D)
  An ogre (D)
  A bullfrog (D)
  A scorpion (D)
  3 wights (D)
  3 quasits (D)
  An orc priest (D)
  2 orc wizards (D)
  2 worker ants (D)
  A hell rat (D)
  2 oozes (D)
  An adder zombie (D)
  2 adder skeletons (D)
  5 orcs (D)
  A bat (D)
  A bat skeleton (D)
  A goblin (D)
  A rat (D)
44 creatures vanquished.

Notes
Turn   | Place    | Note
-------+----------+-------------------------------------------
     0 | D        | sahdkjhfkaj the Spriggan Enchanter began the quest for the
                  | Orb.
     0 | D        | Reached XP level 1. HP: 9/9 MP: 5/5
    20 | D        | Reached skill level 6 in Stealth
   278 | D        | Found a bloodstained altar of Trog.
   278 | D        | Found a shimmering blue altar of Sif Muna.
   278 | D        | Found a viscous altar of Jiyva.
   278 | D        | Found a hazy altar of Hepliaklqana.
   278 | D        | Found an opulent altar of Gozag.
   279 | D        | Found a glowing golden altar of the Shining One.
   279 | D        | Found a glowing silver altar of Zin.
   279 | D        | Found a basalt altar of Yredelemnul.
   279 | D        | Found a shimmering altar of Xom.
   279 | D        | Found an ornate altar of the Wu Jian Council.
   279 | D        | Found a sacrificial altar of Ru.
   279 | D        | Found a stormy altar of Qazlal.
   279 | D        | Found an iron altar of Okawaru.
   279 | D        | Found a sparkling altar of Nemelex Xobeh.
   279 | D        | Found a burning altar of Makhleb.
   279 | D        | Found a blossoming altar of Fedhas.
   279 | D        | Found a white marble altar of Elyvilon.
   279 | D        | Found a shadowy altar of Dithmenos.
   279 | D        | Found a snail-covered altar of Cheibriados.
   280 | D        | Found a radiant altar of Vehumet.
   280 | D        | Found a corrupted altar of Lugonu.
   280 | D        | Found a roughly hewn altar of Beogh.
   281 | D        | Found an ancient bone altar of Kikubaaqudgha.
   281 | D        | Found a hide-covered altar of Uskayaw.
   281 | D        | Found a broken altar of Ashenzari.
   285 | D        | Became a worshipper of Fedhas Madash
   326 | D        | Reached skill level 7 in Stealth
   326 | D        | Reached XP level 2. HP: 13/13 MP: 6/6
   337 | D        | Reached skill level 8 in Stealth
   529 | D        | Reached * piety under Fedhas
   556 | D        | Learned a level 2 spell: Ensorcelled Hibernation
   577 | D        | Reached skill level 11 in Stealth
   577 | D        | Reached XP level 3. HP: 16/16 MP: 8/8
   579 | D        | Reached ** piety under Fedhas
   674 | D        | Learned a level 3 spell: Confusing Touch
   743 | D        | Noticed an ice beast
   761 | D        | Reached skill level 13 in Stealth
   761 | D        | Reached XP level 4. HP: 16/21 MP: 6/9
   834 | D        | Noticed an ogre
   836 | D        | Reached *** piety under Fedhas
   836 | D        | Reached skill level 15 in Stealth
   836 | D        | Reached XP level 5. HP: 24/24 MP: 10/10
   840 | D        | Reached skill level 16 in Stealth
   842 | D        | Killed an ogre
   842 | D        | Reached skill level 17 in Stealth
   854 | D        | Reached **** piety under Fedhas
   854 | D        | Reached XP level 6. HP: 22/28 MP: 7/12
   861 | D        | Reached skill level 18 in Stealth
   861 | D        | Reached skill level 5 in Hexes
   933 | D        | Killed an ice beast
   946 | D        | Reached skill level 5 in Spellcasting
   949 | D        | Reached XP level 7. HP: 32/32 MP: 14/16
   966 | D        | Reached ***** piety under Fedhas
   983 | D        | Reached skill level 5 in Short Blades
  1251 | D        | Noticed a molten gargoyle
  1256 | D        | Killed a molten gargoyle
  1256 | D        | Reached skill level 19 in Stealth
  1256 | D        | Reached skill level 10 in Hexes
  1261 | D        | Reached XP level 8. HP: 34/34 MP: 18/20
  1362 | D        | Noticed a two-headed ogre
  1514 | D        | Reached ****** piety under Fedhas
  1587 | D        | Noticed a blink frog
  1587 | D        | Noticed a hellwing
  1588 | D        | Noticed a blink frog
  1588 | D        | Noticed a blink frog
  1588 | D        | Noticed a blink frog
  1588 | D        | Noticed a death knight
  1588 | D        | Noticed a hornet
  1589 | D        | Noticed a blink frog
  1641 | D        | Killed a hellwing
  1641 | D        | Reached skill level 1 in Invocations
  1901 | D        | Noticed a hornet
  1908 | D        | Killed a hornet
  1961 | D        | Noticed a blink frog
  1964 | D        | Noticed a blink frog
  1985 | D        | Killed a death knight
  1985 | D        | Reached skill level 20 in Stealth
  1985 | D        | Reached XP level 9. HP: 39/39 MP: 16/23
  2035 | D        | Killed a two-headed ogre
  2035 | D        | Reached skill level 10 in Spellcasting
  2051 | D        | Reached skill level 5 in Invocations
  2261 | D        | Noticed a lindwurm
  2317 | D        | Reached XP level 10. HP: 30/44 MP: 11/25
  2339 | D        | Mangled by a yak

Illustrated notes

Levels and vault maps discovered:
D:        pitsprint [storerooms_1, entrance_room_1, metal_vault_5, armoury_1,
          mini_pit_1, grid_room_1, main_hall_1, silver_pit, the_coven_1,
          the_vestibule_1, steel_vault_4, golden_pit, hallway_of_sentries,
          crystal_vault_6, iron_vault_1, final_vault]

Skill      XL: |  1  2  3  4  5  6  7  8  9 |
---------------+----------------------------+-----
Stealth        | 7 11 13 15 17 18 19 20 | 20.7
Short Blades   | 2 4 6 8 9 |  9.4
Spellcasting   | 3 5 7 9 10 | 10.4
Hexes          | 4 7 10 12 14 | 14.1
Invocations    | 4 7 |  7.1
Dodging        | |  3.0

Action                   |  1- 3 |  4- 6 |  7- 9 | 10-12 || total
-------------------------+-------+-------+-------+-------++-------
Melee: Dagger            |    50 |    17 |    67 |    19 ||   153
 Cast: Confusing Touch   |     1 |     2 |     3 |       ||     6
       Ensorcelled Hiber |       |       |    34 |     3 ||    37
  Use: Potion            |     2 |       |     1 |       ||     3
 Stab: Sleeping          |     2 |     7 |    16 |       ||    25
       Confused          |     2 |     2 |     4 |       ||     8
       Distracted        |       |       |     1 |       ||     1
Armor: Robe              |     8 |       |     6 |     1 ||    15
Dodge: Dodged            |    44 |     6 |    47 |     5 ||   102

Table legend: (Time is in decaauts)
 A = Elapsed time spent in this place.
 B = Non-inter-level travel time spent in this place.
 C = Inter-level travel time spent in this place.
 D = Time resting spent in this place.
 E = Time spent auto-exploring this place.
 F = Levels seen in this place.
 G = Mean time per level.
                   A        B        C        D        E       F      G
               +--------+--------+--------+--------+--------+-----+--------+
         Total |   2134 |   2090 |     44 |   1613 |      0 |   1 | 2134.0 |
       Dungeon |   2134 |   2090 |     44 |   1613 |      0 |   1 | 2134.0 |
               +--------+--------+--------+--------+--------+-----+--------+

Top non-repeatable levels by time:
       D: 2134 daAuts
